 Dungeon Crawl Stone Soup version 0.29-a0-359-g541a27f54d (webtiles) character file.

Game seed: 10995000720568359791

78696 Sweeb the Impaler (level 15, -4/131 HPs)
             Began as a Naga Fighter on Nov 16, 2021.
             Was the Champion of Hepliaklqana.
             Slain by an ettin
             ... wielding a +0 dire flail
              (21 damage)
             ... on level 13 of the Dungeon on Apr 28, 2022.
             The game lasted 01:10:23 (27173 turns).

Sweeb the Impaler (Naga Fighter)                   Turns: 27173, Time: 01:10:24

Health: -4/131     AC: 30    Str: 27    XL:     15   Next: 61%
Magic:  15/15      EV:  3    Int: 10    God:    Hepliaklqana [******]
Gold:   2440       SH:  8    Dex: 13    Spells: 14/14 levels left

rFire   . . .      SeeInvis +   D - +4 trident (freeze)
rCold   . . .      Faith    .   c - +1 buckler
rNeg    . . .      Spirit   .   C - +0 plate armour
rPois   +          Reflect  .   Q - +2 hat {Stlth+}
rElec   .          Harm     .   (no cloak)
rCorr   .          Rampage  .   H - +2 pair of gloves
Will    +....                   j - +0 barding
Stlth   ..........              U - amulet of regeneration
HPRegen 1.11/turn               T - +4 ring of protection
MPRegen 0.14/turn               u - +6 ring of strength

@: short of breath, very slow
A: reduced essence, AC +5, large, see invisible, deformed body, poison
resistance, slowness 2, spit poison 2, naga tail 2, claws 1, agile 1, weak 1
a: Breathe Poison Gas, Renounce Religion, Recall Ancestor, Ancestor Identity,
Transference, Idealise


You were on level 13 of the Dungeon.
You worshipped Hepliaklqana.
Hepliaklqana was exalted by your worship.
You visited 4 branches of the dungeon, and saw 22 of its levels.
You also visited: Sewer.

You collected 2760 gold pieces.
You spent 320 gold pieces at shops.

Inventory:

Hand Weapons
 o - a +3 vorpal spear
 D - a +4 trident of freezing (weapon)
Armour
 c - a +1 buckler (worn)
 j - a +0 barding (worn)
 C - a +0 plate armour (worn)
 H - a +2 pair of gloves (worn)
 Q - a +2 hat of stealth (worn)
Jewellery
 a - a ring of fire
 i - a ring of the Octopus King {AC+1 EV+1 Str+1 Int+1 Dex+1 SInv}
   (You found it on level 6 of the Lair of Beasts)

   [ring of see invisible]

   AC:        It affects your AC (+1).
   EV:        It affects your evasion (+1).
   Str:       It affects your strength (+1).
   Int:       It affects your intelligence (+1).
   Dex:       It affects your dexterity (+1).
   SInv:      It lets you see invisible.
 k - a ring of fire
 l - a ring of resist corrosion
 s - a +4 ring of evasion
 u - a +6 ring of strength (right hand)
 x - an amulet of magic regeneration
 K - a ring of protection from cold
 T - a +4 ring of protection (left hand)
 U - an amulet of regeneration (around neck)
 W - an amulet of reflection
Wands
 b - a wand of iceblast (6)
 A - a wand of polymorph (17)
 B - a wand of acid (23)
 E - a wand of paralysis (46)
 F - a wand of flame (38)
 S - a wand of digging (18)
Scrolls
 e - 8 scrolls of noise
 g - a scroll of brand weapon
 h - 2 scrolls of teleportation
 I - a scroll of magic mapping
 J - 2 scrolls of torment
 L - 4 scrolls of immolation
 M - a scroll of vulnerability
 N - 5 scrolls of fog
 O - 4 scrolls of fear
 P - a scroll of amnesia
 V - a scroll of enchant armour
Potions
 d - 2 potions of might
 f - 4 potions of brilliance
 m - 7 potions of lignification
 p - 4 potions of magic
 q - 6 potions of curing
 r - 2 potions of attraction
 t - a potion of mutation
 v - 4 potions of cancellation
 w - 3 potions of haste
 z - 2 potions of ambrosia
 G - a potion of flight


   Skills:
 + Level 12.8 Fighting
 * Level 17.3 Polearms
 + Level 10.9 Armour
 + Level 10.9 Shields


You had 14 spell levels left.
You didn't know any spells.
Your spell library contained the following spells:

 Spells                   Type           Power      Damage    Failure   Level
 Animate Skeleton         Necr           0%         N/A       98%         1
 Foxfire                  Conj/Fire      0%         2x1d4     98%         1
 Freeze                   Ice            0%         1d3       98%         1
 Sandblast                Erth           0%         2d4       98%         1
 Shock                    Conj/Air       0%         1d3       98%         1
 Slow                     Hex            0%         N/A       98%         1
 Sting                    Tmut/Pois      0%         1d3       98%         1
 Summon Small Mammal      Summ           0%         N/A       98%         1
 Corpse Rot               Necr/Air       0%         N/A       99%         2
 Passwall                 Tmut/Erth      0%         N/A       99%         2
 Static Discharge         Conj/Air       0%         N/A       99%         2
 Sublimation of Blood     Necr           0%         N/A       99%         2
 Wereblood                Tmut           0%         N/A       99%         2
 Confusing Touch          Hex            0%         N/A       100%        3
 Conjure Flame            Conj/Fire      0%         6-21      100%        3
 Frozen Ramparts          Ice            0%         1d2       100%        3
 Ignite Poison            Fire/Tmut/Pois 0%         N/A       100%        3
 Ozocubu's Armour         Ice            0%         N/A       100%        3
 Stone Arrow              Conj/Erth      0%         3d7       100%        3
 Summon Guardian Golem    Hex/Summ       0%         N/A       100%        3
 Swiftness                Air            0%         N/A       100%        3
 Tukima's Dance           Hex            0%         N/A       100%        3
 Airstrike                Air            0%         N/A       100%        4
 Dispel Undead            Necr           0%         3d6       100%        4
 Hailstorm                Conj/Ice       0%         3d3       100%        4
 Leda's Liquefaction      Hex/Erth       0%         N/A       100%        4
 Passage of Golubria      Tloc           0%         N/A       100%        4
 Sticky Flame             Conj/Fire      0%         2d3       100%        4
 Fireball                 Conj/Fire      0%         3d3       100%        5
 Iskenderun's Battlesphe  Conj           0%         2d6       100%        5
 Metabolic Englaciation   Hex/Ice        0%         N/A       100%        5
 Summon Forest            Summ/Tloc      0%         N/A       100%        5
 Summon Mana Viper        Hex/Summ       0%         N/A       100%        5
 Yara's Violent Unravell  Hex/Tmut       0%         3d3       100%        5
 Conjure Ball Lightning   Conj/Air       0%         3x3d6     100%        6
 Death Channel            Necr           0%         N/A       100%        6
 Simulacrum               Ice/Necr       0%         N/A       100%        6
 Summon Cactus Giant      Summ           0%         N/A       100%        6
 Orb of Destruction       Conj           0%         9d5       100%        7
 Spellforged Servitor     Conj/Summ      0%         N/A       100%        7
 Summon Hydra             Summ           0%         N/A       100%        7


Dungeon Overview and Level Annotations

Branches:
Dungeon (13/15)            Temple (1/1) D:7            Lair (6/6) D:9
  Swamp (0/4) Lair:3       Spider (0/4) Lair:2        Slime (0/5) Lair:6
    Orc (2/2) D:9             Elf (0/3) Orc:2         Sewer (visited)
 Vaults: D:13-14

Altars:
Ashenzari
Cheibriados
Dithmenos
Elyvilon
Fedhas
Gozag
Hepliaklqana
Kikubaaqudgha
Makhleb
Nemelex Xobeh
Okawaru
Qazlal
Ru
Sif Muna
Trog
Uskayaw
Vehumet
Wu Jian
Xom
Yredelemnul
Zin
The Shining One
Beogh

Shops:
D:4 :   Orc:2 **=(

Portals:
Pandemonium: Orc:2

Annotations:
Lair:1 3 runed translucent doors, spaghetti's ghost, novice OgEE
Lair:6 exclusion: oklob plant


Innate Abilities, Weirdness & Mutations

Your life essence is reduced to manifest your ancestor. (-10% HP)
Your serpentine skin is tough. (AC +5)
You have supernaturally acute eyesight. (SInv)
Armour fits poorly on your strangely shaped body.
Your system is resistant to poisons. (rPois)
You cover ground very slowly.
You can exhale a cloud of poison.
You can use your snake-like lower body to constrict enemies.
You have sharp fingernails.
You are agile. (Dex +2)
You are weak. (Str -2)


Message History

Billy hits the ettin but does no damage.
Unknown command.
You barely miss the ettin.
The ettin is moderately wounded.
Unknown command.
You hit the ettin but do no damage.
The ettin is moderately wounded.
The ettin barely misses you.
The ettin hits you with a +0 great mace!!
* * * LOW HITPOINT WARNING * * *
The phantasmal warrior hits Billy!!
Billy hits the phantasmal warrior with a +0 broad axe of flaming!
Billy burns the phantasmal warrior.
Billy hits the ettin with a +0 broad axe of flaming!
Billy burns the ettin.
Billy hits the iron troll with a +0 broad axe of flaming.
Billy burns the iron troll.
A moth of wrath comes into view.
Aiming: Breathe Poison Gas (1% risk of failure)
Press: ? - help, Shift-Dir - straight line, f - ettin
Aim: an ettin, wielding a +0 dire flail and a +0 great mace (heavily wounded, 92% to hit)
You exhale a blast of poison gas.
The poison gas hits the ettin.
The ettin is poisoned.
The ettin is severely wounded.
The poison gas misses the iron troll.
The ettin is engulfed in poison gas.
The ettin looks even sicker.
You block the ettin's attack.
The ettin hits you with a +0 great mace!
* * * LOW HITPOINT WARNING * * *
The phantasmal warrior hits Billy!!
Billy completely misses the phantasmal warrior.
Billy hits the ettin but does no damage.
Billy hits the iron troll with a +0 broad axe of flaming.
Billy burns the iron troll.
The iron troll is engulfed in poison gas.
The iron troll is poisoned.
The iron troll barely misses Billy.
Billy blocks the iron troll's attack. x2
You feel better.
The ettin is engulfed in poison gas.
The ettin looks even sicker.
The ettin hits you with a +0 dire flail!!
You die...

.####+####.....# #.............
...............# #.............
..............>#####.............
..................R..............
..............#####...##....#####
..............#.............#
############..#..#######....#
#..#..#∩,,+,#[##.#
#..#.@#,,,*,#.##.#
#..#RC#****,#.##.#
#..#WTy.S...#....#
#..##########..###
#.....(........# ################


You could see the friendly Billy the knight, an iron troll (poisoned, ally
target), an ettin (very poisoned), a moth of wrath and a phantasmal warrior.

Vanquished Creatures
  Gastronok (Lair:1)
  An orc warlord (Orc:2)
  Azrael (Orc:2)
  A fire dragon (D:13)
  4 hydras
  A centaur warrior (D:13)
  A boulder beetle (D:11)
  6 two-headed ogres
  A merfolk avatar (Lair:6)
  A tengu warrior (D:13)
  A sun demon (Orc:2)
  5 orc high priests (Orc:2)
  Sonja (Lair:1)
  Nergalle (Lair:4)
  A sixfirhy (Orc:2)
  Amaemon (Lair:1)
  2 lindwurms (Lair:6)
  2 orc knights (Orc:2)
  5 harpies (Lair:6)
  A deep elf pyromancer (D:12)
  An ugly thing (D:12)
  2 orc sorcerers
  3 cyclopes
  2 manticores (Lair:6)
  An elephant (Lair:6)
  15 cane toads
  2 kobold demonologists
  5 black mambas
  7 komodo dragons
  3 rime drakes
  An orange demon (Lair:1)
  A tengu conjurer (D:13)
  2 polar bears (Lair:6)
  6 trolls
  2 hornets (Lair:6)
  4 dream sheep (Lair:6)
  7 slime creatures
  31 blink frogs
  2 shadows
  Sigmund (D:3)
  2 wyverns
  A yak (shapeshifter) (D:11)
  A basilisk (Lair:3)
  23 yaks
  3 fire elementals (Orc:2)
  A vampire mosquito (D:13)
  A steam dragon (Lair:6)
  4 swamp worms (Lair:3)
  11 water moccasins
  3 wargs
  An acid dragon (D:10)
  3 hell hounds (Orc:2)
  24 orc warriors
  2 black bears
  9 wolves
  16 centaurs
  6 ogres
  2 phantoms (D:6)
  A kobold brigand (D:9)
  11 bullfrogs
  9 scorpions
  6 killer bees (D:10)
  6 electric eels
  2 howler monkeys
  6 centaur zombies
  3 hounds
  A jelly (D:5)
  3 centaur skeletons
  12 orc priests
  4 iguanas
  21 orc wizards
  21 hell rats
  A killer bee zombie (D:7)
  2 howler monkey zombies
  7 adders
  7 gnolls
  4 river rats (Sewer)
  3 white imps
  An adder skeleton (D:3)
  8 worms
  56 orcs
  12 ball pythons
  4 bats
  6 endoplasms
  2 giant cockroaches
  13 goblins
  4 hobgoblins
  3 jackals (D:1)
  3 quokkas
  A frilled lizard (D:1)
  25 kobolds
  28 rats
545 creatures vanquished.

Vanquished Creatures (collateral kills)
  A catoblepas (Lair:5)
  2 demonspawn (Orc:2)
  5 orc high priests (Orc:2)
  A soul eater (Orc:2)
  A lindwurm (Lair:5)
  4 orc knights (Orc:2)
  An orc sorcerer (Orc:2)
  A manticore (Lair:6)
  A cyclops (D:12)
  2 cane toads
  3 black mambas
  A rime drake (Lair:6)
  2 trolls
  A hornet (Lair:6)
  2 slime creatures
  3 blink frogs
  A snapping turtle (Lair:6)
  8 yaks
  2 fire elementals (Orc:2)
  A hog (shapeshifter) (D:13)
  2 wraiths
  A basilisk (Lair:5)
  3 vampire mosquitoes (D:13)
  A swamp worm (Lair:3)
  A water moccasin (Lair:6)
  An acid dragon (D:12)
  12 orc warriors (Orc:2)
  2 ogres (Orc:2)
  5 wolves
  A bullfrog (Lair:5)
  2 scorpions (Lair:2)
  An electric eel (D:9)
  2 howler monkeys (D:12)
  3 centaur zombies
  A gnoll shaman (Orc:2)
  An orc priest (Orc:2)
  2 orc wizards
  2 hell rats (Lair:6)
  2 gnolls (Orc:2)
  A worm (Lair:2)
  21 orcs
  3 kobolds (D:9)
  A rat (D:12)
  A butterfly (Lair:3)
115 creatures vanquished.

Vanquished Creatures (others)
  9 knights
  An orc wizard (D:12)
  4 ancestors
  An orc (D:11)
  32 fungi
  100 plants
147 creatures vanquished.

Grand Total: 807 creatures vanquished

Notes
Turn   | Place    | Note
-------+----------+-------------------------------------------
     0 | D:1      | Sweeb the Naga Fighter began the quest for the Orb.
     0 | D:1      | Reached XP level 1. HP: 21/21 MP: 1/1
    88 | D:1      | HP: 1/21 [endoplasm (3)]
    90 | D:1      | Reached XP level 2. HP: 1/28 MP: 2/2
   989 | D:1      | Reached XP level 3. HP: 20/34 MP: 3/3
  2447 | D:2      | Reached skill level 3 in Polearms
  2742 | D:3      | Reached XP level 4. HP: 42/42 MP: 4/4
  3071 | D:3      | Found a glowing golden altar of the Shining One.
  3071 | D:3      | Found a snail-covered altar of Cheibriados.
  3079 | D:3      | Found an ancient bone altar of Kikubaaqudgha.
  3081 | D:3      | Found a stormy altar of Qazlal.
  3082 | D:3      | Found a burning altar of Makhleb.
  3285 | D:3      | Noticed Sigmund
  3287 | D:3      | Gained mutation: You are covered in fur. (AC +1) [potion of
                  | mutation]
  3287 | D:3      | Gained mutation: Your body sometimes deteriorates upon
                  | taking damage. [potion of mutation]
  3287 | D:3      | Gained mutation: You are agile. (Dex +2) [potion of
                  | mutation]
  3287 | D:3      | Gained mutation: You can exhale a cloud of poison. [potion
                  | of mutation]
  3298 | D:3      | Killed Sigmund
  3299 | D:3      | Reached skill level 4 in Polearms
  3299 | D:3      | Reached XP level 5. HP: 44/50 MP: 5/5
  3299 | D:3      | Reached XP level 6. HP: 50/57 MP: 6/6
  3969 | D:4      | Reached XP level 7. HP: 66/66 MP: 7/7
  3998 | D:4      | Reached skill level 5 in Polearms
  4192 | D:4      | Found Bool's Book Emporium.
  4253 | D:4      | Found a glowing drain.
  4288 | Sewer    | Entered a sewer
  5222 | D:5      | Entered Level 5 of the Dungeon
  5545 | D:5      | Reached XP level 8. HP: 66/73 MP: 8/8
  5660 | D:5      | Reached skill level 5 in Fighting
  5660 | D:5      | Reached skill level 6 in Polearms
  6628 | D:6      | Reached skill level 7 in Polearms
  6808 | D:6      | Reached XP level 9. HP: 61/82 MP: 9/9
  7263 | D:6      | Found an opulent altar of Gozag.
  7422 | D:7      | Found a staircase to the Ecumenical Temple.
  7465 | D:7      | Reached skill level 5 in Shields
  7468 | Temple   | Entered the Ecumenical Temple
  7707 | Temple   | Became a worshipper of Hepliaklqana the Forgotten
  7767 | D:7      | Found a bloodstained altar of Trog.
  7904 | D:7      | Reached skill level 5 in Armour
  8092 | D:7      | Found a white marble altar of Elyvilon.
  8093 | D:7      | Found a sparkling altar of Nemelex Xobeh.
  8541 | D:8      | Noticed a tengu warrior
  8542 | D:8      | Noticed a tengu conjurer
  8607 | D:8      | Reached skill level 8 in Polearms
  8682 | D:8      | Reached * piety under Hepliaklqana
  8823 | D:9      | Noticed a kobold demonologist
  8847 | D:9      | Gained mutation: You are frail. (-10% HP) [a neqoxec]
  8851 | D:9      | Killed a kobold demonologist
  8855 | D:9      | Found a sacrificial altar of Ru.
  8903 | D:9      | Noticed a two-headed ogre
  8918 | D:9      | Killed a two-headed ogre
  8919 | D:9      | Reached skill level 9 in Polearms
  8919 | D:9      | Reached XP level 10. HP: 40/73 MP: 10/10
  8962 | D:9      | Upgraded the game from 0.28-a0-861-ge64d6db94f to
                  | 0.29-a0-91-gdebf4667c2
  9320 | D:9      | Found a staircase to the Lair.
  9320 | D:9      | Found a staircase to the Orcish Mines.
 10201 | D:9      | Noticed a two-headed ogre
 10218 | D:9      | Killed a two-headed ogre
 10390 | D:9      | Reached skill level 10 in Polearms
 10582 | D:10     | Entered Level 10 of the Dungeon
 11215 | D:10     | Found an ornate altar of the Wu Jian Council.
 11327 | D:10     | Reached XP level 11. HP: 81/82 MP: 11/11
 11850 | D:10     | Noticed a cyclops
 11856 | D:10     | Killed a cyclops
 11857 | D:10     | Reached skill level 11 in Polearms
 12320 | D:11     | Upgraded the game from 0.29-a0-91-gdebf4667c2 to
                  | 0.29-a0-194-g6e3aafee17
 12320 | D:11     | Upgraded the game from 0.29-a0-194-g6e3aafee17 to
                  | 0.29-a0-284-gf9362112df
 12329 | D:11     | Reached ** piety under Hepliaklqana
 12351 | D:11     | Noticed a boulder beetle
 12389 | D:11     | Killed a boulder beetle
 12421 | D:11     | Got the Catalogue of Shifting Hexes
 12572 | D:11     | Upgraded the game from 0.29-a0-284-gf9362112df to
                  | 0.29-a0-359-g541a27f54d
 13008 | D:11     | Noticed a two-headed ogre
 13021 | D:11     | Killed a two-headed ogre
 13300 | D:11     | Remembered your ancestor Billy as a knight
 13542 | D:12     | Noticed a two-headed ogre
 13546 | D:12     | Noticed a two-headed ogre
 13554 | D:12     | Killed a two-headed ogre
 13559 | D:12     | Killed a two-headed ogre
 13999 | D:12     | Noticed a deep elf pyromancer
 14006 | D:12     | Killed a deep elf pyromancer
 14007 | D:12     | Reached skill level 12 in Polearms
 14343 | D:12     | Reached XP level 12. HP: 57/91 MP: 12/12
 14345 | D:12     | Noticed a four-headed hydra
 14841 | D:12     | Killed a four-headed hydra
 14980 | D:12     | Reached *** piety under Hepliaklqana
 14988 | D:12     | Noticed a two-headed ogre
 14996 | D:12     | Killed a two-headed ogre
 15067 | D:12     | Found a bloodstained altar of Trog.
 15085 | D:12     | Identified the +4 rapier of Symmetry {drain, rElec Int+5}
 15555 | D:13     | Noticed a tengu warrior
 15577 | D:13     | Killed a tengu warrior
 15596 | D:13     | Reached skill level 13 in Polearms
 15948 | Lair:1   | Entered Level 1 of the Lair of Beasts
 16394 | Lair:1   | Noticed Gastronok
 16413 | Lair:1   | Killed Gastronok
 16414 | Lair:1   | Reached skill level 10 in Fighting
 16581 | Lair:1   | Noticed Sonja
 16619 | Lair:1   | Killed Sonja
 16828 | Lair:1   | Noticed Amaemon
 16846 | Lair:1   | Killed Amaemon
 16847 | Lair:1   | Gained mutation: You can use your snake-like lower body to
                  | constrict enemies. [Naga growth]
 16847 | Lair:1   | Reached XP level 13. HP: 98/98 MP: 13/13
 16949 | Lair:1   | Found a runed translucent gate.
 16949 | Lair:1   | Found a runed translucent gate.
 16949 | Lair:1   | Found a runed translucent gate.
 16949 | Lair:1   | Noticed spaghetti's ghost (novice OgEE)
 17028 | Lair:1   | Reached skill level 14 in Polearms
 17468 | Lair:1   | Reached **** piety under Hepliaklqana
 18012 | Lair:2   | Found a hole to the Spider Nest.
 18692 | Lair:3   | Found a frozen archway.
 18925 | Lair:3   | Identified the +6 morningstar "Beastslayer" {vorpal, Contam
                  | rC++ Int+2}
 19928 | Lair:3   | Found a staircase to the Swamp.
 20660 | Lair:4   | Reached ***** piety under Hepliaklqana
 21073 | Lair:4   | Reached skill level 15 in Polearms
 21084 | Lair:4   | Noticed Nergalle
 21093 | Lair:4   | Killed Nergalle
 21401 | Lair:5   | Reached XP level 14. HP: 95/108 MP: 14/14
 22566 | Lair:6   | Entered Level 6 of the Lair of Beasts
 22953 | Lair:6   | Found a staircase to the Slime Pits.
 23296 | Lair:6   | Reached skill level 10 in Shields
 23552 | Lair:6   | Reached skill level 10 in Armour
 23679 | Lair:6   | Reached skill level 16 in Polearms
 24251 | Lair:6   | Found the ring of the Octopus King
 24257 | Lair:6   | Identified a ring of the Octopus King {AC+1 EV+1 Str+1
                  | Int+1 Dex+1 SInv}
 24262 | Lair:6   | Got The Hermit's Heritage for Absolute Beginners
 24616 | Lair:6   | Lost mutation: You are covered in fur. (AC +1) [potion of
                  | mutation]
 24616 | Lair:6   | Lost mutation: You are frail. (-10% HP) [potion of
                  | mutation]
 24616 | Lair:6   | Lost mutation: Your body sometimes deteriorates upon taking
                  | damage. [potion of mutation]
 24616 | Lair:6   | Gained mutation: You have sharp fingernails. [potion of
                  | mutation]
 24616 | Lair:6   | Gained mutation: You are weak. (Str -2) [potion of
                  | mutation]
 24832 | Orc:1    | Entered Level 1 of the Orcish Mines
 24836 | Orc:1    | Reached ****** piety under Hepliaklqana
 24958 | Orc:2    | Entered Level 2 of the Orcish Mines
 25094 | Orc:2    | Found a staircase to the Elven Halls.
 25112 | Orc:2    | Noticed an orc warlord
 25153 | Orc:2    | Killed an orc warlord
 25177 | Orc:2    | Reached XP level 15. HP: 53/130 MP: 15/15
 25507 | Orc:2    | Identified a scroll of acquirement
 25507 | Orc:2    | Acquired 1063 gold pieces
 25632 | Orc:2    | Noticed Azrael
 25650 | Orc:2    | Killed Azrael
 25774 | Orc:2    | Found Juarow's General Store.
 25775 | Orc:2    | Found Wuraom Juyxt's General Store.
 26401 | Orc:2    | Reached skill level 17 in Polearms
 26486 | Orc:2    | Found Bimot's Antique Weapon Shop.
 26486 | Orc:2    | Found Vuetri Caona's Jewellery Boutique.
 26487 | Orc:2    | Found a one-way gate leading to the halls of Pandemonium.
 26520 | Orc:2    | Bought a scroll of brand weapon for 320 gold pieces
 26792 | D:13     | Identified the +2 pair of boots of the End {rElec rF+}
 27173 | D:13     | Slain by an ettin

Illustrated notes

Levels and vault maps discovered:
D:1:      dpeg_arrival_arbitrary_a, layout_basic
D:2:      cheibrodos_greedy_goblins, layout_basic
D:3:      minmay_general_purpose_star, layout_rooms,
          chequers_temple_overflow_minitemple, hangedman_feature_mirror,
          hangedman_decor_points, uniq_sigmund
D:4:      layout_basic, cheibrodos_sewer_entry_bend, serial_shops, shop
D:5:      layout_loops_ring, minivault_27, grunt_decor_fettered
D:6:      layout_loops_corners, marbit_many_paths
D:7:      layout_loops_ring, lemuel_tele_altar,
          mainiacjoe_overflow_divided_tiny, minmay_temple_entry_mist
D:8:      layout_rooms, serial_bayou_lake_a
D:9:      kennysheep_six_static_rooms, layout_loops_ring, lemuel_doored_altar,
          lair_entry_dummy, david_orc_2, serial_bayou, serial_bayou_pond_e,
          serial_bayou_pond_e, serial_bayou_ford_a, serial_bayou_lagoon_a,
          serial_bayou_pond_d
D:10:     layout_loops_ring, nzn_wu_jian_contemplation, lightli_minifort
D:11:     layout_loops_corners
D:12:     layout_roguey, hangedman_abyss_or_decor_slice, tgw_trog
D:13:     layout_irregular_city, david_vaults_4, nemelex_spade_bored_becter
Temple:   jpeg_temple_clearing
Lair:1:   layout_cave_pods, ebering_ghost_rock_garden, uniq_gastronok,
          uniq_amaemon, uniq_sonja
Lair:2:   layout_regular_city, nicolae_spider_entry_non_spiders
Lair:3:   layout_hall_layers, palyth_hydra_swamp_entry,
          portal_ice_cave_entry_pillars_1, grunt_forest_stairs_basic,
          serial_bayou_shore_a, lemuel_fruit_fields, lemuel_fruit_tree
Lair:4:   layout_roguey, uniq_nergalle
Lair:5:   layout_regular_city, grunt_megastairs_5
Lair:6:   gammafunk_lair_ancient_temple, layout_regular_city,
          minmay_slime_entry_pillars, chequers_serial_rivers_room_a,
          minmay_lair_oklob_bushes
Orc:1:    layout_caves
Orc:2:    pf_orc_diabolical, layout_caves, basic_altar, uniq_azrael

Skill      XL: |  1  2  3  4  5  6  7  8  9 10 11 12 13 14 15 |
---------------+----------------------------------------------+-----
Polearms       | 3 4 5 7 9 10 12 13 15 16 17 | 17.3
Armour         | 3 4 5 6 7 8 9 10 | 10.9
Shields        | 3 4 5 6 7 8 9 10 | 10.9
Fighting       | 4 5 6 8 9 10 11 12 | 12.8

Action                   |  1- 3 |  4- 6 |  7- 9 | 10-12 | 13-15 || total
-------------------------+-------+-------+-------+-------+-------++-------
Melee: Trident           |   154 |    43 |       |       |   237 ||   434
       Spear             |       |       |   382 |   607 |   926 ||  1915
       Constrict         |       |       |       |       |   198 ||   198
Invok: Ancestor Identity |       |       |     1 |     1 |       ||     2
       Ancestor Life: Kn |       |       |       |     1 |       ||     1
 Abil: Spit Poison       |    10 |     3 |       |       |       ||    13
       Breathe Poison Ga |       |     7 |    28 |    39 |    16 ||    90
  Use: Scroll            |     3 |     2 |     9 |    10 |    18 ||    42
       Potion            |       |     3 |     1 |    16 |    13 ||    33
 Stab: Invisible         |       |       |     2 |     8 |       ||    10
       Distracted        |       |       |       |     4 |     7 ||    11
Armor: Scale mail        |    57 |     7 |    52 |       |       ||   116
       Plate armour      |       |       |   118 |   258 |   489 ||   865
Dodge: Dodged            |    44 |    13 |    97 |   135 |    89 ||   378
Block: Buckler           |    25 |     8 |    79 |   126 |   213 ||   451

Table legend: (Time is in decaauts)
 A = Elapsed time spent in this place.
 B = Non-inter-level travel time spent in this place.
 C = Inter-level travel time spent in this place.
 D = Time resting spent in this place.
 E = Time spent auto-exploring this place.
 F = Levels seen in this place.
 G = Mean time per level.
                   A        B        C        D        E       F      G
               +--------+--------+--------+--------+--------+-----+--------+
         Total |  32116 |  30846 |   1270 |   6690 |  18319 |  23 | 1396.3 |
       Dungeon |  18734 |  18028 |    706 |   4297 |  10396 |  13 | 1441.1 |
        Temple |    288 |    277 |     11 |     38 |    193 |   1 |  288.0 |
          Lair |  10391 |   9950 |    441 |   1886 |   6524 |   6 | 1731.8 |
  Orcish Mines |   1912 |   1802 |    110 |    468 |    717 |   2 |  956.0 |
         Sewer |    789 |    789 |      0 |      0 |    487 |   1 |  789.0 |
               +--------+--------+--------+--------+--------+-----+--------+

Top non-repeatable levels by time:
    D:12: 2652 daAuts
  Lair:6: 2235 daAuts
     D:9: 2223 daAuts
  Lair:1: 2127 daAuts
    D:10: 1848 daAuts
     D:1: 1830 daAuts
   Orc:2: 1736 daAuts
    D:11: 1727 daAuts
  Lair:3: 1723 daAuts
  Lair:5: 1594 daAuts
     D:6: 1551 daAuts
  Lair:4: 1450 daAuts
     D:2: 1407 daAuts
     D:3: 1275 daAuts
  Lair:2: 1260 daAuts
